 Dungeon Crawl Stone Soup version 0.23-a0-419-g0174fd80c1 (webtiles) character file.

90 LostNumber the Skirmisher (level 4, 0/37 HPs)
             Began as a Mummy Fighter on Nov 14, 2018.
             Slain by a gnoll
             ... wielding a +0 spear
              (1 damage)
             ... on level 2 of the Dungeon.
             The game lasted 00:02:23 (1830 turns).

LostNumber the Skirmisher (Mummy Fighter)           Turns: 1830, Time: 00:02:24

Health: 0/37       AC:  6    Str: 20    XL:     4   Next: 32%
Magic:  4/4        EV:  9    Int:  7    God:
Gold:   106        SH:  5    Dex: 11    Spells: 3/3 levels left

rFire    x . .     SeeInvis .   a - +0 war axe
rCold    + . .     Gourm    .   j - +1 buckler {reflect}
rNeg     + + +     Faith    .   b - +0 scale mail
rPois    ∞         Spirit   .   (no helmet)
rElec    .         Reflect  +   (no cloak)
rCorr    .         Harm     .   (no gloves)
MR       .....                  (no boots)
Stlth    ..........             (no amulet)
HPRegen  0.12/turn              (no ring)
MPRegen  0.09/turn              (no ring)

@: no status effects
A: no food or potions, fire vulnerability, cold resistance 1, negative energy
resistance 3, torment resistance, unbreathing
a: no special abilities


You were on level 2 of the Dungeon.
You were not hungry.

You visited 1 branch of the dungeon, and saw 2 of its levels.

You collected 106 gold pieces.

Inventory:

Hand Weapons
 a - a +0 war axe (weapon)
Armour
 b - a +0 scale mail (worn)
 c - a +0 shield
 j - a +1 buckler of reflection (worn)
Jewellery
 h - an uncursed ring of protection from magic {unknown}
 i - an uncursed amulet of the gourmand {unknown}
Scrolls
 d - 2 scrolls of teleportation {unknown}
 e - a scroll of remove curse {unknown}
 f - a scroll of blinking {unknown}
 g - a scroll of enchant weapon {unknown}


   Skills:
 + Level 3.8 Fighting
 * Level 3.2 Axes
 - Level 2.4 Armour
 + Level 2.4 Shields


You had 3 spell levels left.
You didn't know any spells.
Your spell library was empty.

Dungeon Overview and Level Annotations

Branches:
Dungeon (2/15)

Altars:
Elyvilon


Innate Abilities, Weirdness & Mutations

You do not eat or drink.
Your flesh is vulnerable to fire.
You are immune to poison.
Your flesh is cold resistant. (rC+)
You are immune to negative energy. (rN+++)
You are immune to unholy pain and torment.
You can survive without breathing.


Message History

You slash the bat!
You kill the bat!
The gnoll hits you but does no damage.
The gnoll hits you from afar with a +0 spear.
The gnoll barely misses you. x2
You see here a bat corpse.
You barely miss the gnoll. The gnoll hits you but does no damage.
The gnoll completely misses you.
You closely miss the gnoll.
The gnoll hits you from afar with a +0 spear.
The gnoll barely misses you.
The gnoll hits you from afar with a +0 spear.
You barely miss the gnoll. The gnoll hits you with a +0 spear.
The gnoll hits you from afar with a +0 spear!
* * * LOW HITPOINT WARNING * * *
The gnoll hits you with a +0 spear!
* * * LOW HITPOINT WARNING * * *
You are too injured to fight recklessly!
The gnoll hits you from afar with a +0 spear.
You die...

)....#...........
.....#...........
..............g.... .
.......#..s.gg........
.......#.............
.........#..........
.......#...g.#.....
.......#.g#####.#.#
#....gsgg†@..#.## .#
#..##.#######....####.#
.###...######.##......#
#≈≈...≈≈#....#.......###
###≈..♣..≈#.!..#...%.....
................†#.....!.#
###...♣._.♣..............#
#................#.......#
..###≈..♣..≈#>...#.......#


You could see 4 gnolls and a giant cockroach.

Vanquished Creatures
  A gnoll (D:1)
  3 adders (D:2)
  An ooze (D:1)
  3 dart slugs (D:1)
  A leopard gecko (D:2)
  A ball python (D:2)
  A giant cockroach (D:2)
  2 goblins (D:1)
  8 hobgoblins
  2 jackals (D:1)
  9 bats
  5 frilled lizards (D:1)
  2 kobolds (D:1)
  A rat (D:1)
40 creatures vanquished.

Notes
Turn   | Place    | Note
-------+----------+-------------------------------------------
     0 | D:1      | LostNumber the Mummy Fighter began the quest for the Orb.
     0 | D:1      | Reached XP level 1. HP: 18/18 MP: 1/1
    56 | D:1      | Reached XP level 2. HP: 24/24 MP: 2/2
   607 | D:1      | Reached XP level 3. HP: 14/29 MP: 3/3
  1186 | D:1      | You fall through a shaft!
  1490 | D:2      | Reached XP level 4. HP: 36/37 MP: 4/4
  1796 | D:2      | Found a white marble altar of Elyvilon.
  1829 | D:2      | HP: 1/37 [gnoll/+0 spear (8)]
  1830 | D:2      | Slain by a gnoll

Vault maps used:
D:1:      dpeg_arrival_houses_and_road
D:2:      elyvilon_altar_4, first_ration, wad_floor_pattern_1

Skill      XL: |  1  2  3 |
---------------+----------+-----
Axes           | 2 3 |  3.2
Fighting       | |  3.8
Armour         | |  2.4
Shields        | |  2.4

Action                   |  1- 3 |  4- 6 || total
-------------------------+-------+-------++-------
Melee: War axe           |    89 |    39 ||   128
Armor: Scale mail        |    78 |    44 ||   122
Dodge: Dodged            |    85 |    34 ||   119
Block: Buckler           |       |     4 ||     4

Table legend:
 A = Non-vault XP
 B = Vault XP
 C = Vault XP percentage of total XP
 D = Non-vault monster count
 E = Vault monster count
 F = Vault count percentage of total count
                 A         B        C        D         E       F
            +---------+---------+-------+---------+---------+-------
      Total |     129 |       0 |   0.0 |      40 |       0 |   0.0
            +---------+---------+-------+---------+---------+-------
        D:1 |      69 |       0 |   0.0 |      27 |       0 |   0.0
        D:2 |      60 |       0 |   0.0 |      13 |       0 |   0.0
            +---------+---------+-------+---------+---------+-------
